 Dungeon Crawl Stone Soup version 0.16-a0-3187-geb38783 (webtiles) character file.

166 PolkaDot the Caller (level 5, -1/41 HPs)
             Began as a Vampire Summoner on Dec 17, 2014.
             Killed from afar by an orc wizard (5 damage)
             ... with a magic dart
             ... on level 4 of the Dungeon.
             The game lasted 00:06:59 (3128 turns).

PolkaDot the Caller (Vampire Summoner)              Turns: 3128, Time: 00:07:00

Health: -1/41      AC:  2    Str:  7    XL:     5   Next: 22%
Magic:  1/9        EV: 13    Int: 18    God:
Gold:   118        SH:  0    Dex: 14    Spells: 3 memorised, 2 levels left

rFire  . . .     SeeInvis +     e - +0 dagger
rCold  . . .     Clarity  .     a - +0 robe
rNeg   . . .     SustAb   .     (no shield)
rPois  .         Gourm    .     (no helmet)
rElec  .         Spirit   .     (no cloak)
rCorr  .         Warding  .     (no gloves)
rMut   .         Stasis   .     (no boots)
MR     .....                    (no amulet)
Stlth  ++........               (no ring)
                                (no ring)

@: regenerating quickly, slowed, very slow, not resistant to hostile
enchantments, unstealthy
A: bottle blood, fangs 3, see invisible, unbreathing
a: no special abilities


You were on level 4 of the Dungeon.
You were full.

You visited 1 branch of the dungeon, and saw 4 of its levels.

You collected 118 gold pieces.

Inventory:

Hand weapons
 e - a +0 dagger (weapon)
Armour
 a - a +0 robe (worn)
Jewellery
 s - an uncursed ring of protection from fire {unknown}
Magical devices
 t - a wand of slowing (32)
 w - a wand of fire (10)
Scrolls
 d - 2 scrolls of remove curse {unknown}
 h - 2 scrolls of enchant weapon {unknown}
 l - 2 scrolls of fog {unknown}
 m - 2 scrolls of identify {unknown}
 n - 2 scrolls of blinking {unknown}
 u - a scroll of random uselessness {unknown}
Potions
 c - 3 potions of heal wounds {unknown}
 f - a potion of restore abilities {unknown}
 g - a potion of might {unknown}
 i - a potion of brilliance {unknown}
 j - 2 potions of agility {unknown}
 k - 6 potions of curing {unknown}
 o - a potion of beneficial mutation {unknown}
 p - a potion of poison {unknown}
 r - a potion of invisibility {unknown}
 v - a potion of blood {@*1}
Books
 b - a book of Callings

   Spells                             Type                      Level
   a - Summon Small Mammal            Summoning                    1
   b - Call Imp                       Summoning                    2
   c - Call Canine Familiar           Summoning                    3
   d - Summon Guardian Golem          Hexes/Summoning              4
   e - Summon Lightning Spire         Summoning/Air                4
   f - Summon Ice Beast               Ice/Summoning                4
 q - a book of Summonings

   Spells                             Type                      Level
   a - Abjuration                     Summoning                    3
   b - Recall                         Summoning/Translocation      3
   c - Shadow Creatures               Summoning                    5
   d - Summon Demon                   Summoning                    5
   e - Summon Forest                  Summoning/Translocation      5
   f - Monstrous Menagerie            Summoning                    6


   Skills:
 + Level 3.4 Fighting
 + Level 3.1 Dodging
 - Level 3.0 Stealth
 - Level 2.0 Spellcasting
 * Level 4.6 Summonings


You had 2 spell levels left.
You knew the following spells:

 Your Spells              Type           Power        Failure   Level  Hunger
d - Call Canine Familiar  Summ           ###.....     10%         3    ###....
s - Call Imp              Summ           ###.....     4%          2    ###....
z - Summon Small Mammal   Summ           ###.         2%          1    #......


Dungeon Overview and Level Annotations

Branches:
Dungeon (4/15)
 Temple: D:4-7

Altars:
Xom


Innate Abilities, Weirdness & Mutations

Your natural rate of healing is unusually fast.
You can bottle blood from corpses.
You have razor-sharp teeth.
You have supernaturally acute eyesight.
You can survive without breathing.


Message History

Your hound misses the orc wizard. The gnoll hits you with a club.
* * * LOW HITPOINT WARNING * * *
The orc hits you with a short sword.
* * * LOW HITPOINT WARNING * * *
Your crimson imp blinks!
The orc wizard hits you with a dagger.
* * * LOW HITPOINT WARNING * * *
Your hound closely misses the orc wizard.
The orc hits you with a short sword.
* * * LOW HITPOINT WARNING * * *
The kobold unwields an uncursed club.
The kobold wields an uncursed blowgun.
The kobold shoots a poisoned needle.
The poisoned needle barely misses your crimson imp.
The gnoll closely misses you.
Things that are here:
a trident; an orc corpse You swap places.
The orc wizard gestures at you while chanting.
The magic dart hits you!
You die...

#. #.# #.#.##(.###### #. #.#
#.#.##......... #.
##.#####.#.##.# #.
..............# #.
####.#####.#.####
######.###....## #.#.##
..........(..K.####....######
###.#.g#......o5h(............
.⌠...#..(...go@).<...####..
..g....#(.§....######w##
.⌠g..⌠.#.......... ..#
.g........5...### ###
.<.....####..# .o....# #..#
⌠...# #..# .o# ..


You could see a worm, an orc wizard, a gnoll, an orc, a kobold, a friendly
hound, a friendly crimson imp and a friendly white imp.

Vanquished Creatures
  A giant frog (D:3)
  Terence (D:2)
  A gnoll (D:4)
  4 adders
  A giant cockroach (D:3)
  5 goblins
  6 hobgoblins
  2 jackals (D:2)
  4 kobolds
  7 bats
  2 giant geckos
  3 giant newts
  2 rats
39 creatures vanquished.

Vanquished Creatures (collateral kills)
  2 adders (D:3)
  2 gnolls (D:4)
  2 worms (D:2)
  2 orcs (D:4)
  A goblin (D:2)
  2 hobgoblins (D:1)
  2 quokkas (D:3)
  5 giant cockroaches
  A giant newt (D:3)
  A kobold (D:3)
20 creatures vanquished.

Vanquished Creatures (others)
  A white imp (D:4)
  A bat (D:1)
2 creatures vanquished.

Grand Total: 61 creatures vanquished

Notes
Turn   | Place    | Note
--------------------------------------------------------------
     0 | D:1      | PolkaDot, the Vampire Summoner, began the quest for the Orb.
     0 | D:1      | Reached XP level 1. HP: 13/13 MP: 3/3
   234 | D:1      | Reached skill level 1 in Fighting
   437 | D:1      | Reached XP level 2. HP: 21/21 MP: 4/4
   862 | D:1      | Learned a level 2 spell: Call Imp
  1234 | D:2      | Found a shimmering altar of Xom.
  1236 | D:2      | Found a shimmering altar of Xom.
  1237 | D:2      | Found a shimmering altar of Xom.
  1238 | D:2      | Found a shimmering altar of Xom.
  1239 | D:2      | Found a shimmering altar of Xom.
  1239 | D:2      | Found a shimmering altar of Xom.
  1391 | D:2      | Noticed Terence
  1403 | D:2      | Killed Terence
  1403 | D:2      | Reached XP level 3. HP: 18/28 MP: 0/6
  1645 | D:2      | HP: 1/28 [poisoned by an adder]
  1891 | D:2      | Learned a level 3 spell: Call Canine Familiar
  2035 | D:3      | Reached XP level 4. HP: 32/35 MP: 1/7
  2421 | D:3      | Noticed a giant frog
  2428 | D:3      | Killed a giant frog
  2589 | D:3      | Reached XP level 5. HP: 30/41 MP: 0/9
  3128 | D:4      | Killed from afar by an orc wizard

Action                   |  1- 3 |  4- 6 || total
-------------------------+-------+-------++-------
Melee: Dagger            |   131 |    92 ||   223
       Unarmed           |     2 |       ||     2
 Cast: Call Imp          |    11 |     9 ||    20
       Summon Small Mamm |     3 |       ||     3
       Call Canine Famil |     2 |     4 ||     6
  Use: Potion            |     1 |       ||     1
 Stab: Sleeping          |     5 |     2 ||     7
       Distracted        |     1 |     1 ||     2
  Eat: Corpse            |    13 |     8 ||    21
